 Dungeon Crawl Stone Soup version 0.31-a0-1388-g4b2ba238e7 (webtiles) character file.

Game seed: 13677800785661282911

21 MisterAzrael the Magician (level 3, 0/27 HPs)
             Began as a Djinni Hexslinger on Dec 24, 2023.
             Slain by a worm (7 damage)
             ... on level 1 of the Dungeon.
             The game lasted 00:01:51 (456 turns).

MisterAzrael the Magician (Djinni Hexslinger)        Turns: 456, Time: 00:01:52

Health: 0/27       AC:  2    Str:  7    XL:     3   Next: 2%
Gold:   38         EV: 12    Int: 16    God:
                   SH:  0    Dex: 15

rFire   + + .        a - +1 sling
rCold   x . .        (no shield)
rNeg    . . .        c - +0 robe
rPois   ∞            (no helmet)
rElec   .            (no cloak)
rCorr   .            (no gloves)
SInv    .            (boots unavailable)
Will    .....        (no amulet)
Stlth   +            (no ring)
HPRegen 0.24/turn    (no ring)
MPRegen 0.00/turn

%: infuse magic (-1 HP)
@: weak-willed, flying
A: sickness immunity, fire resistance 2, cold vulnerability 1, float, innate
caster, HP casting, extra vitality 1
a: no special abilities


You were on level 1 of the Dungeon.
You visited 1 branch of the dungeon, and saw 1 of its levels.

You collected 38 gold pieces.

Inventory:

Hand Weapons
 a - a +1 sling (weapon)
Armour
 c - a +0 robe (worn)
Scrolls
 b - a scroll of poison


   Skills:
 + Level 1.4 Fighting
 + Level 1.9 Ranged Weapons
 - Level 2.5 Dodging
 * Level 2.8 Spellcasting
 * Level 2.8 Conjurations
 * Level 2.8 Hexes
   Level 0.0 Charms
 * Level 2.8 Summonings
 * Level 2.8 Necromancy
 * Level 2.8 Translocations
   Level 0.0 Transmutations
 * Level 2.8 Fire Magic
 * Level 2.8 Ice Magic
 * Level 2.8 Air Magic
 * Level 2.8 Earth Magic
 * Level 2.8 Alchemy


You knew the following spells:

 Your Spells              Type           Power      Damage    Failure   Level
a - Jinxbite              Hex            22%        N/A       9%          2
b - Sigil of Binding      Hex            11%        N/A       19%         3
c - Inner Flame           Hex/Fire       11%        N/A       19%         3
d - Cause Fear            Hex            5%         N/A       52%         4
e - Dimensional Bullseye  Hex/Tloc       5%         N/A       52%         4
f - Apportation           Tloc           22%        N/A       6%          1
Your spell library was empty.

Dungeon Overview and Level Annotations

Branches:
Dungeon (1/15)

Altars:


Innate Abilities, Weirdness & Mutations

You are immune to sickness and miasma.
You are immune to poison.
Your flesh is very heat resistant. (rF++)
You are vulnerable to cold. (rC-)
You float through the air rather than walking.
You learn spells naturally, not from books.
Your magical power is your life essence.
You have superior vitality. (+4 MHP)


Message History

The worm completely misses you.
You shoot a sling bullet.
The sling bullet completely misses the worm.
The sling bullet hits the worm.
The worm is heavily wounded.
The worm bites you but does no damage.
You shoot a sling bullet.
The sling bullet barely misses the worm.
The sling bullet hits the worm.
The worm is heavily wounded.
The worm seems less drained.
The worm barely misses you.
You shoot a sling bullet.
The sling bullet hits the worm but does no damage.
The worm is severely wounded.
You shoot a sling bullet.
The sling bullet barely misses the worm.
The sling bullet hits the worm!
The worm is severely wounded.
The worm closely misses you.
You shoot a sling bullet. The sling bullet hits the worm.
The worm is severely wounded.
The worm closely misses you.
You shoot a sling bullet. The sling bullet hits the worm.
The worm is severely wounded.
The worm misses you.
You shoot a sling bullet. The sling bullet hits the worm.
The worm is severely wounded.
You shoot a sling bullet.
The sling bullet completely misses the worm.
The sling bullet barely misses the worm.
The worm bites you.
You shoot a sling bullet.
The sling bullet hits the worm but does no damage.
The worm is heavily wounded.
The worm bites you!
* * * LOW HITPOINT WARNING * * *
You shoot a sling bullet. The sling bullet hits the worm.
The worm is severely wounded.
The worm bites you!
You die...

#....##.#.......÷# #.#
#..#†##.#..†.....###..
#....##.#.............
#.#.###.#.........####
#.......#.......#.####
###.#####....†..#.##..
#.# .......#.##.#
#.#############.##.#
#..@ww# #....^
#####..# #######.#
..^# #.......# ....#
#.####... ..>..# #.##
..!...# #.## .^.....
#.## ......# #... ####


You could see 2 worms.

Vanquished Creatures
  2 ball pythons (D:1)
  An endoplasm (D:1)
  A giant cockroach (D:1)
  2 goblins (D:1)
  2 hobgoblins (D:1)
  2 jackals (D:1)
  2 quokkas (D:1)
  2 bats (D:1)
  A frilled lizard (D:1)
  A kobold (D:1)
  3 rats (D:1)
19 creatures vanquished.

Notes
Turn   | Place    | Note
-------+----------+-------------------------------------------
     0 | D:1      | MisterAzrael the Djinni Hexslinger began the quest for the
                  | Orb.
     0 | D:1      | MisterAzrael set off with the following spells memorised:
                  | Jinxbite, Sigil of Binding, Inner Flame, Cause Fear,
                  | Dimensional Bullseye.
     0 | D:1      | Reached XP level 1. HP: 17/17 MP: 0/0
    93 | D:1      | Reached XP level 2. HP: 22/22 MP: 0/0
   416 | D:1      | Reached XP level 3. HP: 25/27 MP: 0/0
   416 | D:1      | Learned a level 1 spell: Apportation
   456 | D:1      | Slain by a worm

Illustrated notes

Levels and vault maps discovered:
D:1:      dpeg_arrival_tiny_c, layout_loops_cross, nicolae_wormholes

Action                     || total
---------------------------++-------
   Fire: Sling             ||    77
   Cast: Jinxbite          ||     1
 Armour: Robe              ||    19
  Dodge: Dodged            ||    28

Table legend: (Time is in decaauts)
 A = Elapsed time spent in this place.
 B = Non-inter-level travel time spent in this place.
 C = Inter-level travel time spent in this place.
 D = Time resting spent in this place.
 E = Time spent auto-exploring this place.
 F = Levels seen in this place.
 G = Mean time per level.
                   A        B        C        D        E       F      G
               +--------+--------+--------+--------+--------+-----+--------+
         Total |    479 |    479 |      0 |      0 |    355 |   1 |  479.0 |
       Dungeon |    479 |    479 |      0 |      0 |    355 |   1 |  479.0 |
               +--------+--------+--------+--------+--------+-----+--------+

Top non-repeatable levels by time:
     D:1: 479 daAuts
